 Dungeon Crawl Stone Soup version 0.31.0-1-g2c135a0 (webtiles) character file.

Game seed: 769375051015923179

2729 samcosmo the Mimic (level 9, -7/79 (88) HPs)
             Began as a Troll Shapeshifter on Mar 14, 2024.
             Was a Follower of Dithmenos.
             Mangled by a wight
             ... wielding a +7 falchion
              (8 damage)
             ... on level 6 of the Dungeon.
             The game lasted 00:13:45 (4793 turns).

samcosmo the Mimic (Troll Shapeshifter)             Turns: 4793, Time: 00:13:45

HP:   -7/79 (88)    AC:  4    Str: 28    XL:     9   Next: 40%
MP:   8/8           EV: 14    Int:  6    God:    Dithmenos [*.....]
Gold: 203           SH:  0    Dex:  9    Spells: 8/8 levels left

rFire   . .          .
                       - Unarmed
rCold   . . .        (shield currently unavailable)
rNeg    . . .        a - melded +2 animal skin
rPois   .            (helmet restricted)
rElec   .            s - +1 cloak
rCorr   .            (gloves unavailable)
SInv    .            (boots unavailable)
Will    .....        (no amulet)
Stlth   +            (no ring)
HPRegen 1.13/turn    (no ring)
MPRegen 0.11/turn

%: no passive effects
@: flux-form, glowing, heavily drained
A: glow, contaminating, large, unfitting armour, claws 3, regeneration 1, shaggy
fur 1, tough skin 1
a: Begin Untransformation, Renounce Religion


You were on level 6 of the Dungeon.
You worshipped Dithmenos.
Dithmenos was aware of your devotion.
You were something dangerously unstable.
You visited 2 branches of the dungeon, and saw 8 of its levels.
You also visited: Sewer.

You collected 203 gold pieces.

Inventory:

Armour
 a - a +2 animal skin (melded)
 s - a +1 cloak (worn)
Jewellery
 l - a ring of fire
 p - an amulet of faith
 y - a ring of protection from cold
Talismans
 c - a beast talisman
 d - a flux talisman (active)
Wands
 q - a wand of mindburst (17)
Scrolls
 e - 2 scrolls of fear
 i - a scroll of poison
 k - 2 scrolls of immolation
 t - a scroll of enchant weapon
 u - a scroll of vulnerability {unknown}
 v - 2 scrolls of enchant armour
 x - a scroll of fog
Potions
 b - a potion of lignification
 f - a potion of attraction
 g - 2 potions of berserk rage
 h - 4 potions of curing
 j - 3 potions of enlightenment
 m - a potion of ambrosia
 n - 2 potions of heal wounds
 o - 3 potions of cancellation
 r - a potion of invisibility {unknown}
 w - a potion of degeneration {unknown}


   Skills:
 + Level 5.6 Fighting
 + Level 2.6 Dodging
 + Level 5.6 Unarmed Combat
 * Level 9.3 Shapeshifting


You had 8 spell levels left.
You didn't know any spells.
Your spell library contained the following spells:

 Spells                   Type           Power      Damage    Failure   Level
 Cigotuvi's Dreadful Rot  Necr/Alch/Air  0%         N/A       58%         2
 Mercury Vapours          Alch/Air       0%         N/A       58%         2
 Inner Flame              Hex/Fire       0%         N/A       83%         3
 Mephitic Cloud           Conj/Alch/Air  0%         N/A       83%         3
 Stone Arrow              Conj/Erth      0%         3d7       83%         3
 Animate Armour           Summ/Erth      0%         N/A       99%         4
 Flame Wave               Conj/Fire      0%         2d4       99%         4
 Ignite Poison            Fire/Alch      0%         N/A       99%         4
 Sticky Flame             Fire/Alch      0%         2d4       99%         4
 Freezing Cloud           Conj/Ice/Air   0%         6-21      100%        5
 Lehudib's Crystal Spear  Conj/Erth      0%         10d2      100%        8


Dungeon Overview and Level Annotations

Branches:
Dungeon (7/15)             Temple (1/1) D:6           Sewer (visited)

Altars:
Ashenzari
Cheibriados
Dithmenos
Fedhas
Gozag
Hepliaklqana
Kikubaaqudgha
Nemelex Xobeh
Okawaru
Qazlal
Ru
Sif Muna
Trog
Vehumet
Wu Jian
Yredelemnul
Zin
The Shining One

Shops:
D:5 !   D:6 :


Innate Abilities, Weirdness & Mutations

You are something dangerously unstable.
You glow with magical radiation, making you easy to see and hit.
Foes you strike become dangerously contaminated with magical radiation.
You are incapable of wielding weapons or throwing items.
You are too large for most types of armour.
You have claws for hands.
Your natural rate of healing is unusually fast.
You are covered in fur. (AC +1)
You have tough skin. (AC +1)


Message History

The wight shudders as magic cascades through it.
The wight is heavily damaged.
You barely miss the wight.
The wight is heavily damaged.
The wight hits you with a +4 falchion! The wight hits you with a +7 falchion!
You closely miss the wight.
The wight is heavily damaged.
The wight hits you with a +4 falchion.
You feel drained. The wight closely misses you.
You closely miss the wight.
The wight is heavily damaged.
The wight hits you with a +7 falchion!
You feel drained. The wight barely misses you.
You scratch the wight.
The wight begins to glow.
The wight is severely damaged.
The wight hits you with a +7 falchion. The wight misses you.
You barely miss the wight.
The wight is severely damaged.
The wight hits you with a +4 falchion! The wight hits you with a +7 falchion!
You feel drained.
You are too injured to fight recklessly!
You are too injured to fight recklessly!
The wight attacks as it pursues you! The wight barely misses you.
The wight attacks as it pursues you! The wight barely misses you.
The wight hits you with a +7 falchion!
* * * LOW HITPOINT WARNING * * *
The wight attacks as it pursues you! The wight completely misses you.
There is a stone staircase leading up, spattered with blood here.
The wight closely misses you. x2
You climb upwards.
There is a stone staircase leading down here.
The wight stops glowing.
The wight attacks as it pursues you! The wight hits you with a +7 falchion!
* * * LOW HITPOINT WARNING * * *
You scratch the wight.
The wight begins to glow.
The wight is lightly damaged.
The wight hits you with a +7 falchion!
* * * LOW HITPOINT WARNING * * *
You feel drained.
You die...

###### #....# ########
#########.#.##
.......###........<#.#
.......##...#..###.#.#
.......##........#.#.#
.......##......#...#.#
.......##....#.#.###.#
.......##.#....#p###.#
..........#....#z#...#
...#.#....#....#z#.###
##.#.#.#........>#.#
.......#...........#
.#.##.....######.###
.#....#...# #.#
......#..## #.#
>.#.#....# #.#


You could see 2 wights.

Vanquished Creatures
  Jeremiah (D:7)
  Prince Ribbit (D:7)
  Menkaure (D:7)
  2 black bears
  An ice beast (D:6)
  A sky beast (D:6)
  5 ogres
  2 phantoms
  2 kobold brigands
  A bullfrog (D:7)
  A scorpion (D:5)
  A wight (D:7)
  2 hounds
  3 jellies
  2 orc priests
  2 sleepcaps
  4 iguanas
  6 orc wizards
  A hell rat (Sewer)
  8 adders
  10 gnolls
  A river rat (Sewer)
  A shadow imp (D:7)
  2 ufetubi (Temple)
  A dart slug (D:5)
  A ribbon worm (D:5)
  30 orcs
  7 ball pythons
  5 bats
  7 endoplasms
  4 giant cockroaches
  5 goblins
  8 hobgoblins
  4 quokkas
  3 frilled lizards
  17 kobolds
  17 rats
170 creatures vanquished.

Notes
Turn   | Place    | Note
-------+----------+-------------------------------------------
     0 | D:1      | samcosmo the Troll Shapeshifter began the quest for the
                  | Orb.
     0 | D:1      | Reached XP level 1. HP: 18/18 MP: 0/0
   193 | D:1      | Reached XP level 2. HP: 26/26 MP: 1/1
   205 | D:1      | Found Voriumiw's Weapon Boutique.
   489 | D:1      | Reached XP level 3. HP: 27/32 MP: 2/2
  1175 | D:3      | Reached XP level 4. HP: 40/40 MP: 3/3
  1177 | D:3      | Reached skill level 5 in Unarmed Combat
  1248 | D:3      | Reached skill level 1 in Fighting
  1431 | D:3      | Found a faded altar of an unknown god.
  1478 | D:3      | Reached XP level 5. HP: 42/48 MP: 4/4
  1846 | D:4      | Reached skill level 4 in Shapeshifting
  2117 | D:4      | Reached XP level 6. HP: 50/57 MP: 5/5
  2193 | D:4      | Found a glowing golden altar of the Shining One.
  2218 | D:4      | Reached skill level 5 in Shapeshifting
  2545 | D:5      | Entered Level 5 of the Dungeon
  2563 | D:5      | Reached XP level 7. HP: 66/66 MP: 6/6
  2664 | D:5      | Reached skill level 6 in Shapeshifting
  2949 | D:5      | Found Perafim's Distillery.
  2961 | D:5      | Found a glowing drain.
  2973 | Sewer    | Entered a sewer
  3161 | D:5      | Reached XP level 8. HP: 75/76 MP: 7/7
  3451 | D:6      | Reached skill level 7 in Shapeshifting
  3482 | D:6      | Found Xyjempel's Self-Published Books.
  3534 | D:6      | Found a staircase to the Ecumenical Temple.
  3564 | Temple   | Entered the Ecumenical Temple
  3701 | Temple   | Became a worshipper of Dithmenos the Shadowed
  3983 | D:6      | Reached skill level 8 in Shapeshifting
  4199 | D:6      | Reached skill level 5 in Fighting
  4299 | D:6      | Reached * piety under Dithmenos
  4456 | D:7      | Noticed Jeremiah
  4574 | D:7      | Killed Jeremiah
  4575 | D:7      | Reached XP level 9. HP: 50/88 MP: 8/8
  4580 | D:7      | Reached skill level 9 in Shapeshifting
  4600 | D:7      | Noticed Prince Ribbit
  4611 | D:7      | Killed Prince Ribbit
  4641 | D:7      | Noticed Menkaure
  4645 | D:7      | Killed Menkaure
  4793 | D:6      | HP: 1/82 [wight/+7 falchion (16)]
  4793 | D:6      | Mangled by a wight

Illustrated notes

Levels and vault maps discovered:
D:1:      psy_arrival_spokes, layout_basic, serial_shops,
          nicolae_shop_bloodbath_and_beyond
D:2:      layout_basic
D:3:      layout_loops_cross, shapermc_ecumenical_altar_flowoftime
D:4:      layout_rooms, mainiacjoe_overflow_concentric_impassable
D:5:      layout_basic, cheibrodos_sewer_entry_bend, serial_shops, shop
D:6:      layout_basic, minmay_temple_entry_ruins, nicolae_custom_books
D:7:      layout_rooms, nicolae_elyvilon_peaceful_grove,
          hangedman_abyss_or_decor_stabs, uniq_maggie, uniq_prince_ribbit1,
          uniq_jeremiah, uniq_menkaure
Temple:   minmay_temple_bridge_d

Skill      XL: |  1  2  3  4  5  6  7  8  9 |
---------------+----------------------------+-----
Unarmed Combat | 4 5 |  5.6
Fighting       | 1 2 3 5 |  5.6
Shapeshifting  | 4 5 6 8 9 |  9.3
Dodging        | 2 |  2.6

Action                     |  1- 3 |  4- 6 |  7- 9 || total
---------------------------+-------+-------+-------++-------
  Melee: Unarmed           |    81 |   119 |   262 ||   462
         Punch             |       |     2 |     3 ||     5
Ability: Begin Untransform |       |       |     1 ||     1
    Use: Scroll            |       |    10 |     7 ||    17
         Potion            |       |       |     1 ||     1
 Armour: Animal skin       |    41 |    54 |    57 ||   152
         Skin              |       |       |   162 ||   162
  Dodge: Dodged            |    40 |    46 |   186 ||   272
   Form: Beast             |       |       |     1 ||     1
         Flux              |       |       |     1 ||     1
